Oilers vs Stars

Created - 20 octobre 2017 at 16:21

Goals
1 2 3 OT1 T
Oilers 0 1 2 0 3
Stars 1 2 0 1 4
Shots
1 2 3 OT1 T
Oilers 12 12 14 0 38
Stars 8 22 8 1 39

1st period

1. Stars , Alexander Radulov 4 (Patrick Wiercioch 1) at 18:23

Penalties :
Alexander Radulov (DAL) for Tripping (Minor) at 18:47

2nd period

2. Stars , Henrik Sedin 4 (Mikko Rantanen 2, Richard Panik 3) at 1:25
3. Stars , Alexander Radulov 5 (Joe Thornton 5) at 6:44
4. Oilers , Pierre-Alexandre Parenteau 2 (Tyler Motte 1) at 18:14

Penalties :
No Penalty

3rd period

5. Oilers , Corey Perry 2 (Connor McDavid 8, Ryan Johansen 4) at 1:32
6. Oilers , Ryan Johansen 4 (Seth Jones 4, Marc-Edouard Vlasic 2) at 19:38

Penalties :
Richard Panik (DAL) for Slashing (Minor) at 5:48, Alexander Radulov (DAL) for Interference (Minor) at 9:07, Vince Dunn (EDM) for Holding (Minor) at 13:23

Overtime #1

7. Stars , Brian Gionta 2 (Alexander Radulov 2, John Klingberg 3) at 4:05

Penalties :
No Penalty

Goalie Stats

Thomas Greiss (EDM), 35 saves from 39 shots - (0,897), OTL, 3-0-2, 63:39 minutes
Jimmy Howard (DAL), 35 saves from 38 shots - (0,921), W, 1-2-1, 64:05 minutes

Players Stats for Oilers

Player Name              G  A  P  +/- PIM S  H  SB GA TA FO     MP     PP MP  PK MP  
------------------------------------------------------------------------------------
Aaron Ekblad             0  0  0   0  0   0  0  3  0  0  0/0    18:40   1:47   0:58 
Cameron Gaunce           0  0  0   1  0   0  2  0  0  0  0/0     5:37   0:00   0:00 
Chris Kelly              0  0  0   0  0   0  0  0  0  0  0/0     2:25   0:00   0:00 
Chris Porter             0  0  0   0  0   0  0  0  0  0  0/0     6:48   0:00   0:00 
Connor McDavid           0  1  1  -1  0   6  3  0  0  1  2/5    26:36   3:12   1:09 
Corey Perry              1  0  1   0  0   2  1  0  1  0  0/1    21:03   3:12   0:31 
Jordan Eberle            0  0  0   0  0   3  0  0  0  0  0/1    18:38   2:45   0:00 
Justin Abdelkader        0  0  0   0  0   1  4  2  0  1  1/1    18:09   2:45   0:00 
Kyle Quincey             0  0  0   0  0   1  0  1  0  1  0/0    17:51   1:47   0:58 
Marc-Edouard Vlasic      0  1  1   0  0   4  3  1  1  1  0/0    27:04   4:10   1:01 
Marco Scandella          0  0  0  -1  0   2  0  1  0  0  0/0    10:44   0:00   0:00 
Mikael Backlund          0  0  0   0  0   2  1  2  1  0  4/10   19:05   2:45   0:31 
Pierre-Alexandre Parente 1  0  1   0  0   5  0  0  1  1  3/11   14:59   0:00   0:00 
Ryan Johansen            1  1  2  -1  0   8  3  0  0  1  16/34  22:39   3:12   1:19 
Seth Jones               0  1  1  -1  0   0  0  1  0  2  0/0    27:48   4:10   1:01 
Sonny Milano             0  0  0   0  0   3  0  0  1  0  1/1    14:07   0:00   0:00 
Tyler Motte              0  1  1   0  0   0  1  0  0  0  0/0    14:14   0:00   0:07 
Vernon Fiddler           0  0  0   0  0   0  2  0  1  0  1/4     7:22   0:00   0:21 
Vince Dunn               0  0  0   1  2   0  0  0  0  0  0/0     5:42   0:00   0:00 
Zbynek Michalek          0  0  0  -1  0   1  0  0  0  0  0/0    10:44   0:00   0:00 

Players Stats for Stars

Player Name              G  A  P  +/- PIM S  H  SB GA TA FO     MP     PP MP  PK MP  
------------------------------------------------------------------------------------
Adam Pelech              0  0  0   1  0   1  3  1  0  0  0/0    13:14   1:14   0:00 
Alexander Radulov        2  1  3   3  4   6  0  0  0  0  3/4    19:50   0:53   0:00 
Anton Stralman           0  0  0   1  0   0  0  0  0  0  0/0    13:13   0:00   0:00 
Brian Gionta             1  0  1   3  0   2  2  1  0  1  1/2    21:29   0:53   2:02 
Bryan Rust               0  0  0  -2  0   2  2  0  0  0  0/0    12:32   1:06   0:02 
Craig Cunningham         0  0  0  -1  0   2  1  0  0  0  0/0    10:11   0:00   1:14 
Greg Pateryn             0  0  0   0  0   1  1  1  0  1  0/0    21:53   0:00   2:04 
Henrik Sedin             1  0  1   0  0   6  2  1  2  0  14/21  18:21   1:06   1:09 
Jay Beagle               0  0  0  -1  0   1  2  2  0  0  4/5    15:50   0:00   3:46 
Jiri Hudler              0  0  0   0  0   1  0  0  0  0  0/2     8:10   0:00   0:00 
Joe Thornton             0  1  1   2  0   4  1  1  1  0  17/32  23:36   0:53   3:41 
John Klingberg           0  1  1   0  0   4  1  0  3  1  0/0    30:54   1:14   3:53 
Lee Stempniak            0  0  0  -1  0   3  0  0  2  0  0/1    11:17   0:00   0:00 
Mikko Rantanen           0  1  1  -1  0   2  1  0  0  0  1/1    15:58   0:00   0:00 
Patrick Wiercioch        0  1  1  -1  0   2  3  4  0  1  0/0    24:53   0:45   3:53 
Richard Panik            0  1  1   0  2   2  5  0  0  1  0/0    16:46   1:06   0:00 
Scottie Upshall          0  0  0   0  0   0  1  1  0  0  0/0     8:10   0:00   0:00 
Stephen Johns            0  0  0   0  0   0  2  0  0  1  0/0    19:58   0:45   2:04 

3 Stars

1 - Alexander Radulov (DAL)
2 - Brian Gionta (DAL)
3 - Ryan Johansen (EDM)

Power Play

Oilers - 0 on 3 Attempt(s) - 0,00%
Stars - 0 on 1 Attempt(s) - 0,00%

Penalty Kill

Oilers - 1 on 1 Attempt(s) - 100,00% - Score 0 goal in Penalty Kill
Stars - 3 on 3 Attempt(s) - 100,00% - Score 0 goal in Penalty Kill

Team Stat

Oilers - Hits : 20 - Faceoff Wins : 28 - Blocked Shots : 11 - Penalty Minutes : 2
Stars - Hits : 27 - Faceoff Wins : 40 - Blocked Shots : 12 - Penalty Minutes : 6

Official

Referees : Chris Lee and Dean Morton
Linesman : Scott Driscoll and Ryan Galloway

Game Notes

No Game Note

Finance

Level 1 -- Attendance: 4042 (67,37%) -- Ticket Income 464 830 $
Level 2 -- Attendance: 3399 (67,98%) -- Ticket Income 254 925 $
Level 3 -- Attendance: 1359 (67,95%) -- Ticket Income 61 155 $
Level 4 -- Attendance: 2279 (56,98%) -- Ticket Income 68 370 $
Luxury Box -- Attendance: 757 (75,70%) -- Ticket Income 166 540 $
Game was played at the Dallas Arena.
Total Attendance: 11836 (65,76%)
Total Ticket Income: 1 015 820 $
Other Income: 497 752 $
Total Income: 1 513 572 $

Oilers

5 vs 5 Forward 
   Center                   Left Wing                Right Wing               Time % Phy DF OF 
 1 Ryan Johansen            Connor McDavid           Corey Perry              40     1   2  2  
 2 Mikael Backlund          Justin Abdelkader        Jordan Eberle            30     1   2  2  
 3 Pierre-Alexandre ParenteaTyler Motte              Sonny Milano             20     1   2  2  
 4 Vernon Fiddler           Chris Porter             Connor McDavid           10     1   2  2  

5 vs 5 Defense 
   Defense                  Defense                                           Time % Phy DF OF 
 1 Seth Jones               Marc-Edouard Vlasic                               40     1   2  2  
 2 Aaron Ekblad             Kyle Quincey                                      30     1   2  2  
 3 Marco Scandella          Zbynek Michalek                                   20     1   2  2  
 4 Cameron Gaunce           Vince Dunn                                        10     1   2  2  

PowerPlay Forward 
   Center                   Left Wing                Right Wing               Time % Phy DF OF 
 1 Ryan Johansen            Connor McDavid           Corey Perry              60     1   2  2  
 2 Mikael Backlund          Justin Abdelkader        Jordan Eberle            40     1   2  2  

PowerPlay Defense
   Defense                  Defense                                           Time % Phy DF OF 
 1 Seth Jones               Marc-Edouard Vlasic                               60     1   2  2  
 2 Aaron Ekblad             Kyle Quincey                                      40     1   2  2  

Penalty Kill 4 Players Forward 
   Center                   Wing                     Time % Phy DF OF 
 1 Connor McDavid           Ryan Johansen            60     1   2  2  
 2 Mikael Backlund          Corey Perry              40     1   2  2  

Penalty Kill 4 Players Defense
   Defense                  Defense                  Time % Phy DF OF 
 1 Seth Jones               Marc-Edouard Vlasic      60     1   2  2  
 2 Aaron Ekblad             Kyle Quincey             40     1   2  2  

Penalty Kill - 3 Players Forward 
   Forward                                           Time % Phy DF OF 
 1 Connor McDavid                                    60     1   2  2  
 2 Ryan Johansen                                     40     1   2  2  

Penalty Kill - 3 Players Defense
   Defense                  Defense                  Time % Phy DF OF 
 1 Seth Jones               Marc-Edouard Vlasic      60     1   2  2  
 2 Aaron Ekblad             Kyle Quincey             40     1   2  2  

4 vs 4 Forward 
   Center                   Wing                     Time % Phy DF OF 
 1 Connor McDavid           Ryan Johansen            60     1   2  2  
 2 Mikael Backlund          Corey Perry              40     1   2  2  

4 vs 4 Defense
   Defense                  Defense                  Time % Phy DF OF 
 1 Seth Jones               Marc-Edouard Vlasic      60     1   2  2  
 2 Aaron Ekblad             Kyle Quincey             40     1   2  2  

Last Minutes Offensive
   Center                   Left Wing                Right Wing               Defense                  Defense                  
   Ryan Johansen            Connor McDavid           Corey Perry              Seth Jones               Marc-Edouard Vlasic      

Last Minutes Defensive
   Center                   Left Wing                Right Wing               Defense                  Defense                  
   Ryan Johansen            Connor McDavid           Corey Perry              Seth Jones               Marc-Edouard Vlasic      

Goaltenders
Starting : Thomas Greiss            
Backup : Antti Niemi              

Extra Forwards
Normal : Chris Kelly, Pierre-Alexandre Parenteau, Vernon Fiddler - PP : Chris Kelly, Pierre-Alexandre Parenteau - PK : Vernon Fiddler
Extra Defensemen
Normal : Marco Scandella, Zbynek Michalek, Cameron Gaunce - PP : Marco Scandella - PK : Zbynek Michalek, Cameron Gaunce
Penalty Shots
Connor McDavid, Ryan Johansen, Mikael Backlund, Corey Perry, Jordan Eberle
Custom OT Lines Forwards
Connor McDavid, Ryan Johansen, Mikael Backlund, Corey Perry, Jordan Eberle, Justin Abdelkader, Pierre-Alexandre Parenteau, Vernon Fiddler, Chris Kelly, Tyler Motte
Custom OT Lines Defensemen
Seth Jones, Marc-Edouard Vlasic, Aaron Ekblad, Kyle Quincey, Marco Scandella

Scratches
Jamie Devane (Healthy), Henrik Samuelsson (Healthy), Philip McRae (Healthy), Yannick Veilleux (Healthy), Rod Pelley (Healthy)
Anthony Camara (Healthy), Jason Akeson (Healthy), Zach Palmquist (Healthy)

Stars

5 vs 5 Forward 
   Center                   Left Wing                Right Wing               Time % Phy DF OF 
 1 Joe Thornton             Brian Gionta             Alexander Radulov        37     0   4  1  
 2 Henrik Sedin             Richard Panik            Mikko Rantanen           33     1   2  2  
 3 Jay Beagle               Bryan Rust               Lee Stempniak            20     1   2  2  
 4 Jiri Hudler              Scottie Upshall          Craig Cunningham         10     1   2  2  

5 vs 5 Defense 
   Defense                  Defense                                           Time % Phy DF OF 
 1 Patrick Wiercioch        John Klingberg                                    40     1   2  2  
 2 Stephen Johns            Greg Pateryn                                      30     1   2  2  
 3 Adam Pelech              Anton Stralman                                    20     1   2  2  
 4 John Klingberg           Greg Pateryn                                      10     1   2  2  

PowerPlay Forward 
   Center                   Left Wing                Right Wing               Time % Phy DF OF 
 1 Joe Thornton             Brian Gionta             Alexander Radulov        60     1   2  2  
 2 Henrik Sedin             Richard Panik            Bryan Rust               40     1   2  2  

PowerPlay Defense
   Defense                  Defense                                           Time % Phy DF OF 
 1 Adam Pelech              John Klingberg                                    60     1   2  2  
 2 Stephen Johns            Patrick Wiercioch                                 40     1   2  2  

Penalty Kill 4 Players Forward 
   Center                   Wing                     Time % Phy DF OF 
 1 Joe Thornton             Jay Beagle               60     1   2  2  
 2 Henrik Sedin             Brian Gionta             40     1   2  2  

Penalty Kill 4 Players Defense
   Defense                  Defense                  Time % Phy DF OF 
 1 John Klingberg           Patrick Wiercioch        60     1   2  2  
 2 Stephen Johns            Greg Pateryn             40     1   2  2  

Penalty Kill - 3 Players Forward 
   Forward                                           Time % Phy DF OF 
 1 Joe Thornton                                      60     1   2  2  
 2 Jay Beagle                                        40     1   2  2  

Penalty Kill - 3 Players Defense
   Defense                  Defense                  Time % Phy DF OF 
 1 Anton Stralman           John Klingberg           60     1   2  2  
 2 Stephen Johns            Greg Pateryn             40     1   2  2  

4 vs 4 Forward 
   Center                   Wing                     Time % Phy DF OF 
 1 Joe Thornton             Jay Beagle               60     1   2  2  
 2 Mikko Rantanen           Brian Gionta             40     1   2  2  

4 vs 4 Defense
   Defense                  Defense                  Time % Phy DF OF 
 1 Patrick Wiercioch        John Klingberg           60     1   2  2  
 2 Stephen Johns            Greg Pateryn             40     1   2  2  

Last Minutes Offensive
   Center                   Left Wing                Right Wing               Defense                  Defense                  
   Joe Thornton             Brian Gionta             Alexander Radulov        John Klingberg           Anton Stralman           

Last Minutes Defensive
   Center                   Left Wing                Right Wing               Defense                  Defense                  
   Joe Thornton             Brian Gionta             Alexander Radulov        Patrick Wiercioch        Anton Stralman           

Goaltenders
Starting : Jimmy Howard             
Backup : Jhonas Enroth            

Extra Forwards
Normal : Mikko Rantanen, Lee Stempniak, Craig Cunningham - PP : Mikko Rantanen, Lee Stempniak - PK : Craig Cunningham
Extra Defensemen
Normal : Adam Pelech, Patrick Wiercioch, Stephen Johns - PP : Adam Pelech - PK : Patrick Wiercioch, Stephen Johns
Penalty Shots
Joe Thornton, Henrik Sedin, Alexander Radulov, Brian Gionta, Jay Beagle
Custom OT Lines Forwards
Joe Thornton, Henrik Sedin, Alexander Radulov, Brian Gionta, Jay Beagle, Richard Panik, Mikko Rantanen, Lee Stempniak, Craig Cunningham, Scottie Upshall
Custom OT Lines Defensemen
John Klingberg, Anton Stralman, Stephen Johns, Greg Pateryn, Adam Pelech

Scratches
Daniel Winnik (Right Leg Injury), J.T. Compher (Healthy), Rob Scuderi (Healthy)

% Time on Ice - Oilers

Lines # - Real PCT - Wanted PCT - Time Play
Normal Forward
1 - 31% - 40% - 15:50
2 - 29% - 30% - 14:42
3 - 27% - 20% - 14:07
4 - 13% - 10% - 6:48
Normal Defense
1 - 39% - 40% - 20:00
2 - 29% - 30% - 15:06
3 - 21% - 20% - 10:44
4 - 11% - 10% - 5:37
PP Forward
1 - 54% - 60% - 3:12
2 - 46% - 40% - 2:45
PP Defense
1 - 70% - 60% - 4:10
2 - 30% - 40% - 1:47
PK Forward
1 - 74% - 60% - 1:28
2 - 26% - 40% - 0:31
PK Defense
1 - 51% - 60% - 1:01
2 - 49% - 40% - 0:58
PK3 Forward
1 - 0% - 60%
2 - 0% - 40%
PK3 Defense
1 - 0% - 60%
2 - 0% - 40%
44 Forward
1 - 0% - 60%
2 - 0% - 40%
44 Defense
1 - 0% - 60%
2 - 0% - 40%
Last Minute Offensive  - 0:37
Last Minute Defensive  - 0:00
Total
Forward - 60:00
Defense - 60:00

% Time on Ice - Stars

Lines # - Real PCT - Wanted PCT - Time Play
Normal Forward
1 - 35% - 37% - 17:47
2 - 29% - 33% - 14:44
3 - 21% - 20% - 10:43
4 - 16% - 10% - 8:10
Normal Defense
1 - 39% - 40% - 19:49
2 - 32% - 30% - 16:27
3 - 23% - 20% - 11:46
4 - 7% - 10% - 3:22
PP Forward
1 - 45% - 60% - 0:53
2 - 55% - 40% - 1:06
PP Defense
1 - 62% - 60% - 1:14
2 - 38% - 40% - 0:45
PK Forward
1 - 82% - 60% - 4:54
2 - 18% - 40% - 1:03
PK Defense
1 - 65% - 60% - 3:53
2 - 35% - 40% - 2:04
PK3 Forward
1 - 0% - 60%
2 - 0% - 40%
PK3 Defense
1 - 0% - 60%
2 - 0% - 40%
44 Forward
1 - 0% - 60%
2 - 0% - 40%
44 Defense
1 - 0% - 60%
2 - 0% - 40%
Last Minute Offensive  - 0:00
Last Minute Defensive  - 0:40
Total
Forward - 60:00
Defense - 60:00

Play by Play

1st period


0:01 of 1st period - Ryan Johansen wins face-off versus Joe Thornton in neutral zone.
0:14 of 1st period - Backhand shot by Connor McDavid.
0:14 of 1st period - Stopped by Jimmy Howard with a rebound.
0:16 of 1st period - Snap shot by Ryan Johansen.
0:16 of 1st period - Stopped by Jimmy Howard without a rebound.
0:17 of 1st period - Henrik Sedin wins face-off versus Mikael Backlund in Stars zone.
0:22 of 1st period - Justin Abdelkader is hit by Greg Pateryn and loses puck.
1:09 of 1st period - Connor McDavid is hit by Craig Cunningham and loses puck.
1:40 of 1st period - Mikael Backlund is hit by John Klingberg and loses puck.
2:03 of 1st period - Greg Pateryn is hit by Tyler Motte.
2:16 of 1st period - Off-side.
2:17 of 1st period - Jay Beagle wins face-off versus Vernon Fiddler in neutral zone.
2:42 of 1st period - Jay Beagle is hit by Ryan Johansen.
2:48 of 1st period - Slapshot by Ryan Johansen.
2:48 of 1st period - Shot Misses the Net.
2:50 of 1st period - Snap shot by Ryan Johansen.
2:50 of 1st period - Shot Blocked by Jay Beagle.
3:37 of 1st period - Snap shot by Pierre-Alexandre Parenteau.
3:37 of 1st period - Stopped by Jimmy Howard with a rebound.
3:39 of 1st period - Slapshot by Marc-Edouard Vlasic.
3:39 of 1st period - Stopped by Jimmy Howard without a rebound.
3:40 of 1st period - Justin Abdelkader wins face-off versus Jiri Hudler in Stars zone.
3:41 of 1st period - Wrist shot by Mikael Backlund.
3:41 of 1st period - Shot Misses the Net.
4:43 of 1st period - Snap shot by Jiri Hudler.
4:43 of 1st period - Shot Misses the Net.
4:45 of 1st period - Slapshot by Patrick Wiercioch.
4:45 of 1st period - Shot Blocked by Justin Abdelkader.
4:51 of 1st period - Scottie Upshall is hit by Mikael Backlund and loses puck.
4:58 of 1st period - Craig Cunningham is hit by Justin Abdelkader and loses puck.
6:06 of 1st period - Snap shot by Mikael Backlund.
6:06 of 1st period - Shot Misses the Net.
6:16 of 1st period - Wrist shot by Jiri Hudler.
6:16 of 1st period - Deflect By Craig Cunningham.
6:16 of 1st period - Shot Misses the Net.
6:16 of 1st period - Puck is out of play.
6:17 of 1st period - Joe Thornton wins face-off versus Connor McDavid in Oilers zone.
6:33 of 1st period - Snap shot by Alexander Radulov.
6:33 of 1st period - Stopped by Thomas Greiss without a rebound.
6:34 of 1st period - Henrik Sedin wins face-off versus Pierre-Alexandre Parenteau in Oilers zone.
7:00 of 1st period - Kyle Quincey is hit by Brian Gionta and loses puck.
8:17 of 1st period - Chris Kelly is hit by Henrik Sedin and loses puck.
9:23 of 1st period - Icing by Patrick Wiercioch.
9:24 of 1st period - Vernon Fiddler wins face-off versus Joe Thornton in Stars zone.
9:41 of 1st period - Slapshot by Connor McDavid.
9:41 of 1st period - Stopped by Jimmy Howard without a rebound.
9:42 of 1st period - Ryan Johansen wins face-off versus Henrik Sedin in Stars zone.
9:57 of 1st period - Stephen Johns is hit by Ryan Johansen and loses puck.
10:04 of 1st period - Marc-Edouard Vlasic is hit by Mikko Rantanen and loses puck.
10:13 of 1st period - Slapshot by Mikko Rantanen.
10:13 of 1st period - Stopped by Thomas Greiss with a rebound.
10:21 of 1st period - Slapshot by Mikko Rantanen.
10:21 of 1st period - Stopped by Thomas Greiss without a rebound.
10:22 of 1st period - Brian Gionta wins face-off versus Pierre-Alexandre Parenteau in Oilers zone.
10:35 of 1st period - Snap shot by Pierre-Alexandre Parenteau.
10:35 of 1st period - Shot Blocked by Joe Thornton.
10:47 of 1st period - Justin Abdelkader is hit by Bryan Rust and loses puck.
10:58 of 1st period - Slapshot by Lee Stempniak.
10:58 of 1st period - Stopped by Thomas Greiss with a rebound.
11:10 of 1st period - Wrist shot by Jiri Hudler.
11:10 of 1st period - Stopped by Thomas Greiss with a rebound.
11:38 of 1st period - Sonny Milano is hit by Adam Pelech and loses puck.
11:58 of 1st period - Slapshot by Mikko Rantanen.
11:58 of 1st period - Shot Blocked by Mikael Backlund.
12:02 of 1st period - Wrist shot by Mikko Rantanen.
12:02 of 1st period - Shot Blocked by Mikael Backlund.
12:04 of 1st period - Snap shot by Mikko Rantanen.
12:04 of 1st period - Shot Misses the Net.
12:20 of 1st period - Backhand shot by Ryan Johansen.
12:20 of 1st period - Stopped by Jimmy Howard with a rebound.
13:02 of 1st period - Stephen Johns is hit by Vernon Fiddler and loses puck.
14:31 of 1st period - Snap shot by Jordan Eberle.
14:31 of 1st period - Shot Blocked by Scottie Upshall.
14:37 of 1st period - Justin Abdelkader is hit by Adam Pelech and loses puck.
14:50 of 1st period - Snap shot by Pierre-Alexandre Parenteau.
14:50 of 1st period - Stopped by Jimmy Howard without a rebound.
14:51 of 1st period - Henrik Sedin wins face-off versus Pierre-Alexandre Parenteau in Stars zone.
15:21 of 1st period - Snap shot by Pierre-Alexandre Parenteau.
15:21 of 1st period - Shot Misses the Net.
15:23 of 1st period - Wrist shot by Tyler Motte.
15:23 of 1st period - Shot Misses the Net.
15:25 of 1st period - Slapshot by Marc-Edouard Vlasic.
15:25 of 1st period - Stopped by Jimmy Howard without a rebound.
15:26 of 1st period - Ryan Johansen wins face-off versus Joe Thornton in Stars zone.
15:43 of 1st period - Snap shot by Connor McDavid.
15:43 of 1st period - Stopped by Jimmy Howard with a rebound.
15:55 of 1st period - Snap shot by Jay Beagle.
15:55 of 1st period - Stopped by Thomas Greiss with a rebound.
15:57 of 1st period - Wrist shot by Bryan Rust.
15:57 of 1st period - Stopped by Thomas Greiss without a rebound.
15:58 of 1st period - Ryan Johansen wins face-off versus Lee Stempniak in Oilers zone.
16:25 of 1st period - Joe Thornton is hit by Marc-Edouard Vlasic and loses puck.
16:30 of 1st period - Wrist shot by Jordan Eberle.
16:30 of 1st period - Shot Blocked by Patrick Wiercioch.
16:39 of 1st period - Icing by Alexander Radulov.
16:40 of 1st period - Sonny Milano wins face-off versus Henrik Sedin in Stars zone.
16:41 of 1st period - Snap shot by Pierre-Alexandre Parenteau.
16:41 of 1st period - Shot Misses the Net.
16:43 of 1st period - Snap shot by Tyler Motte.
16:43 of 1st period - Shot Misses the Net.
16:45 of 1st period - Slapshot by Zbynek Michalek.
16:45 of 1st period - Stopped by Jimmy Howard without a rebound.
16:46 of 1st period - Henrik Sedin wins face-off versus Ryan Johansen in Stars zone.
16:53 of 1st period - Slapshot by Connor McDavid.
16:53 of 1st period - Stopped by Jimmy Howard without a rebound.
16:54 of 1st period - Ryan Johansen wins face-off versus Joe Thornton in Stars zone.
17:05 of 1st period - Wrist shot by Ryan Johansen.
17:05 of 1st period - Stopped by Jimmy Howard without a rebound.
17:06 of 1st period - Joe Thornton wins face-off versus Ryan Johansen in Stars zone.
17:53 of 1st period - Off-side.
17:54 of 1st period - Jay Beagle wins face-off versus Pierre-Alexandre Parenteau in neutral zone.
18:23 of 1st period - Wrist shot by Alexander Radulov.
18:23 of 1st period - Goal by Alexander Radulov - Oilers : 0 - Stars : 1.
18:24 of 1st period - Ryan Johansen wins face-off versus Joe Thornton in neutral zone.
18:47 of 1st period - Minor Penalty to Alexander Radulov for Tripping.
18:48 of 1st period - Joe Thornton wins face-off versus Ryan Johansen in Stars zone.
Goals for this period are 0 for Oilers vs 1 for Stars.
Shots for this period are 12 for Oilers vs 8 for Stars.

2nd period


0:01 of 2nd period - Ryan Johansen wins face-off versus Joe Thornton in neutral zone.
0:47 of 2nd period - Penalty to Alexander Radulov is over, Alexander Radulov is back on ice.
1:23 of 2nd period - Snap shot by Henrik Sedin.
1:23 of 2nd period - Shot Blocked by Aaron Ekblad.
1:25 of 2nd period - Wrist shot by Henrik Sedin.
1:25 of 2nd period - Goal by Henrik Sedin - Oilers : 0 - Stars : 2.
1:26 of 2nd period - Henrik Sedin wins face-off versus Ryan Johansen in neutral zone.
1:43 of 2nd period - Snap shot by Ryan Johansen.
1:43 of 2nd period - Stopped by Jimmy Howard with a rebound.
1:59 of 2nd period - Slapshot by Jordan Eberle.
1:59 of 2nd period - Shot Misses the Net.
2:01 of 2nd period - Snap shot by Justin Abdelkader.
2:01 of 2nd period - Shot Blocked by Patrick Wiercioch.
2:03 of 2nd period - Wrist shot by Marc-Edouard Vlasic.
2:03 of 2nd period - Deflect By John Klingberg.
2:03 of 2nd period - Stopped by Jimmy Howard without a rebound.
2:04 of 2nd period - Mikael Backlund wins face-off versus Joe Thornton in Stars zone.
2:13 of 2nd period - Slapshot by Mikael Backlund.
2:13 of 2nd period - Shot Misses the Net.
2:15 of 2nd period - Slapshot by Kyle Quincey.
2:15 of 2nd period - Stopped by Jimmy Howard with a rebound.
2:26 of 2nd period - Icing by Stephen Johns.
2:27 of 2nd period - Henrik Sedin wins face-off versus Ryan Johansen in Stars zone.
2:42 of 2nd period - Stephen Johns is hit by Connor McDavid and loses puck.
3:18 of 2nd period - Slapshot by Pierre-Alexandre Parenteau.
3:18 of 2nd period - Shot Blocked by Patrick Wiercioch.
4:24 of 2nd period - Henrik Sedin is hit by Cameron Gaunce.
4:40 of 2nd period - Ryan Johansen is hit by Jay Beagle and loses puck.
4:49 of 2nd period - Wrist shot by Lee Stempniak.
4:49 of 2nd period - Stopped by Thomas Greiss with a rebound.
4:59 of 2nd period - Joe Thornton is hit by Justin Abdelkader.
5:09 of 2nd period - Snap shot by Jordan Eberle.
5:09 of 2nd period - Stopped by Jimmy Howard without a rebound.
5:10 of 2nd period - Henrik Sedin wins face-off versus Mikael Backlund in Stars zone.
5:23 of 2nd period - Wrist shot by Mikael Backlund.
5:23 of 2nd period - Stopped by Jimmy Howard with a rebound.
5:25 of 2nd period - Snap shot by Justin Abdelkader.
5:25 of 2nd period - Stopped by Jimmy Howard without a rebound.
5:26 of 2nd period - Joe Thornton wins face-off versus Pierre-Alexandre Parenteau in Stars zone.
6:01 of 2nd period - Wrist shot by Connor McDavid.
6:01 of 2nd period - Deflect By Corey Perry.
6:01 of 2nd period - Stopped by Jimmy Howard with a rebound.
6:11 of 2nd period - Bryan Rust is hit by Justin Abdelkader and loses puck.
6:34 of 2nd period - Wrist shot by Pierre-Alexandre Parenteau.
6:34 of 2nd period - Shot Blocked by Greg Pateryn.
6:40 of 2nd period - Slapshot by Bryan Rust.
6:40 of 2nd period - Stopped by Thomas Greiss without a rebound.
6:41 of 2nd period - Joe Thornton wins face-off versus Ryan Johansen in Oilers zone.
6:42 of 2nd period - Slapshot by Alexander Radulov.
6:42 of 2nd period - Stopped by Thomas Greiss without a rebound.
6:43 of 2nd period - Joe Thornton wins face-off versus Corey Perry in Oilers zone.
6:44 of 2nd period - Slapshot by Alexander Radulov.
6:44 of 2nd period - Goal by Alexander Radulov - Oilers : 0 - Stars : 3.
6:45 of 2nd period - Joe Thornton wins face-off versus Ryan Johansen in neutral zone.
6:48 of 2nd period - Slapshot by John Klingberg.
6:48 of 2nd period - Stopped by Thomas Greiss with a rebound.
6:50 of 2nd period - Wrist shot by Alexander Radulov.
6:50 of 2nd period - Shot Blocked by Seth Jones.
6:52 of 2nd period - Slapshot by Greg Pateryn.
6:52 of 2nd period - Stopped by Thomas Greiss with a rebound.
6:54 of 2nd period - Snap shot by John Klingberg.
6:54 of 2nd period - Shot Blocked by Marc-Edouard Vlasic.
7:24 of 2nd period - Snap shot by Joe Thornton.
7:24 of 2nd period - Stopped by Thomas Greiss with a rebound.
7:41 of 2nd period - Off-side.
7:42 of 2nd period - Mikael Backlund wins face-off versus Henrik Sedin in neutral zone.
7:55 of 2nd period - Wrist shot by Jordan Eberle.
7:55 of 2nd period - Shot Misses the Net.
8:07 of 2nd period - Connor McDavid is hit by Jay Beagle.
8:31 of 2nd period - Snap shot by Craig Cunningham.
8:31 of 2nd period - Stopped by Thomas Greiss without a rebound.
8:32 of 2nd period - Ryan Johansen wins face-off versus Jiri Hudler in Oilers zone.
8:47 of 2nd period - Snap shot by Connor McDavid.
8:47 of 2nd period - Stopped by Jimmy Howard with a rebound.
8:57 of 2nd period - Scottie Upshall is hit by Justin Abdelkader and loses puck.
9:28 of 2nd period - Slapshot by Henrik Sedin.
9:28 of 2nd period - Shot Blocked by Aaron Ekblad.
9:38 of 2nd period - Wrist shot by Ryan Johansen.
9:38 of 2nd period - Shot Blocked by Brian Gionta.
9:40 of 2nd period - Snap shot by Ryan Johansen.
9:40 of 2nd period - Stopped by Jimmy Howard without a rebound.
9:41 of 2nd period - Alexander Radulov wins face-off versus Ryan Johansen in Stars zone.
9:50 of 2nd period - Off-side.
9:51 of 2nd period - Ryan Johansen wins face-off versus Henrik Sedin in neutral zone.
10:06 of 2nd period - Slapshot by Henrik Sedin.
10:06 of 2nd period - Stopped by Thomas Greiss without a rebound.
10:07 of 2nd period - Mikael Backlund wins face-off versus Joe Thornton in Oilers zone.
10:37 of 2nd period - Marco Scandella is hit by Patrick Wiercioch and loses puck.
10:42 of 2nd period - Snap shot by Lee Stempniak.
10:42 of 2nd period - Stopped by Thomas Greiss with a rebound.
11:03 of 2nd period - Connor McDavid is hit by Richard Panik and loses puck.
11:24 of 2nd period - Pierre-Alexandre Parenteau is hit by Stephen Johns and loses puck.
12:39 of 2nd period - Slapshot by Richard Panik.
12:39 of 2nd period - Shot Misses the Net.
12:41 of 2nd period - Snap shot by Henrik Sedin.
12:41 of 2nd period - Stopped by Thomas Greiss with a rebound.
12:57 of 2nd period - Wrist shot by John Klingberg.
12:57 of 2nd period - Deflect By Aaron Ekblad.
12:57 of 2nd period - Stopped by Thomas Greiss without a rebound.
12:58 of 2nd period - Joe Thornton wins face-off versus Pierre-Alexandre Parenteau in Oilers zone.
13:13 of 2nd period - Sonny Milano is hit by Joe Thornton and loses puck.
13:24 of 2nd period - Greg Pateryn is hit by Ryan Johansen and loses puck.
13:43 of 2nd period - Slapshot by Justin Abdelkader.
13:43 of 2nd period - Shot Misses the Net.
13:45 of 2nd period - Slapshot by Marco Scandella.
13:45 of 2nd period - Stopped by Jimmy Howard with a rebound.
13:49 of 2nd period - Wrist shot by Jordan Eberle.
13:49 of 2nd period - Shot Misses the Net.
13:51 of 2nd period - Wrist shot by Jordan Eberle.
13:51 of 2nd period - Shot Blocked by Jay Beagle.
13:53 of 2nd period - Snap shot by Jordan Eberle.
13:53 of 2nd period - Stopped by Jimmy Howard without a rebound.
13:54 of 2nd period - Joe Thornton wins face-off versus Ryan Johansen in Stars zone.
13:54 of 2nd period - Joe Thornton is hit by Cameron Gaunce.
14:20 of 2nd period - Mikael Backlund is hit by Richard Panik and loses puck.
15:02 of 2nd period - Slapshot by Alexander Radulov.
15:02 of 2nd period - Shot Misses the Net.
15:04 of 2nd period - Slapshot by Joe Thornton.
15:04 of 2nd period - Stopped by Thomas Greiss without a rebound.
15:05 of 2nd period - Joe Thornton wins face-off versus Ryan Johansen in Oilers zone.
15:10 of 2nd period - Snap shot by Joe Thornton.
15:10 of 2nd period - Stopped by Thomas Greiss with a rebound.
15:12 of 2nd period - Snap shot by Alexander Radulov.
15:12 of 2nd period - Deflect By Aaron Ekblad.
15:12 of 2nd period - Stopped by Thomas Greiss with a rebound.
15:14 of 2nd period - Slapshot by Patrick Wiercioch.
15:14 of 2nd period - Stopped by Thomas Greiss without a rebound.
15:15 of 2nd period - Henrik Sedin wins face-off versus Ryan Johansen in Oilers zone.
15:16 of 2nd period - Snap shot by Richard Panik.
15:16 of 2nd period - Stopped by Thomas Greiss with a rebound.
15:18 of 2nd period - Snap shot by John Klingberg.
15:18 of 2nd period - Shot Misses the Net.
15:20 of 2nd period - Snap shot by Henrik Sedin.
15:20 of 2nd period - Shot Misses the Net.
15:22 of 2nd period - Wrist shot by Henrik Sedin.
15:22 of 2nd period - Stopped by Thomas Greiss without a rebound.
15:23 of 2nd period - Ryan Johansen wins face-off versus Henrik Sedin in Oilers zone.
15:23 of 2nd period - Ryan Johansen is hit by Richard Panik.
15:33 of 2nd period - Snap shot by Henrik Sedin.
15:33 of 2nd period - Shot Misses the Net.
15:35 of 2nd period - Snap shot by John Klingberg.
15:35 of 2nd period - Stopped by Thomas Greiss with a rebound.
15:37 of 2nd period - Snap shot by Henrik Sedin.
15:37 of 2nd period - Stopped by Thomas Greiss with a rebound.
15:39 of 2nd period - Slapshot by Patrick Wiercioch.
15:39 of 2nd period - Stopped by Thomas Greiss without a rebound.
15:40 of 2nd period - Alexander Radulov wins face-off versus Mikael Backlund in Oilers zone.
18:14 of 2nd period - Wrist shot by Pierre-Alexandre Parenteau.
18:14 of 2nd period - Goal by Pierre-Alexandre Parenteau - Oilers : 1 - Stars : 3.
18:15 of 2nd period - Ryan Johansen wins face-off versus Joe Thornton in neutral zone.
18:59 of 2nd period - Off-side.
19:00 of 2nd period - Jay Beagle wins face-off versus Pierre-Alexandre Parenteau in neutral zone.
19:50 of 2nd period - Zbynek Michalek is hit by Henrik Sedin and loses puck.
Goals for this period are 1 for Oilers vs 2 for Stars.
Shots for this period are 12 for Oilers vs 22 for Stars.

3rd period


0:01 of 3rd period - Ryan Johansen wins face-off versus Joe Thornton in neutral zone.
0:04 of 3rd period - Slapshot by Marc-Edouard Vlasic.
0:04 of 3rd period - Stopped by Jimmy Howard with a rebound.
0:32 of 3rd period - Wrist shot by Sonny Milano.
0:32 of 3rd period - Stopped by Jimmy Howard without a rebound.
0:33 of 3rd period - Henrik Sedin wins face-off versus Pierre-Alexandre Parenteau in Stars zone.
0:43 of 3rd period - Snap shot by Richard Panik.
0:43 of 3rd period - Shot Blocked by Kyle Quincey.
1:02 of 3rd period - Icing by Kyle Quincey.
1:03 of 3rd period - Ryan Johansen wins face-off versus Jay Beagle in Oilers zone.
1:32 of 3rd period - Wrist shot by Corey Perry.
1:32 of 3rd period - Goal by Corey Perry - Oilers : 2 - Stars : 3.
1:33 of 3rd period - Ryan Johansen wins face-off versus Brian Gionta in neutral zone.
1:38 of 3rd period - Slapshot by Connor McDavid.
1:38 of 3rd period - Stopped by Jimmy Howard without a rebound.
1:39 of 3rd period - Joe Thornton wins face-off versus Ryan Johansen in Stars zone.
2:10 of 3rd period - Wrist shot by Jordan Eberle.
2:10 of 3rd period - Stopped by Jimmy Howard without a rebound.
2:11 of 3rd period - Henrik Sedin wins face-off versus Mikael Backlund in Stars zone.
2:36 of 3rd period - Stephen Johns is hit by Connor McDavid.
3:22 of 3rd period - Mikael Backlund is hit by Bryan Rust and loses puck.
3:40 of 3rd period - Off-side.
3:41 of 3rd period - Joe Thornton wins face-off versus Vernon Fiddler in neutral zone.
4:47 of 3rd period - Snap shot by Aaron Ekblad.
4:47 of 3rd period - Shot Blocked by Patrick Wiercioch.
4:49 of 3rd period - Slapshot by Justin Abdelkader.
4:49 of 3rd period - Deflect By Mikael Backlund.
4:49 of 3rd period - Stopped by Jimmy Howard without a rebound.
4:50 of 3rd period - Henrik Sedin wins face-off versus Mikael Backlund in Stars zone.
4:59 of 3rd period - Slapshot by Jordan Eberle.
4:59 of 3rd period - Shot Misses the Net.
5:01 of 3rd period - Slapshot by Marco Scandella.
5:01 of 3rd period - Stopped by Jimmy Howard with a rebound.
5:03 of 3rd period - Wrist shot by Justin Abdelkader.
5:03 of 3rd period - Shot Misses the Net.
5:05 of 3rd period - Snap shot by Jordan Eberle.
5:05 of 3rd period - Shot Blocked by Henrik Sedin.
5:15 of 3rd period - Sonny Milano is hit by Brian Gionta and loses puck.
5:24 of 3rd period - Slapshot by Joe Thornton.
5:24 of 3rd period - Stopped by Thomas Greiss with a rebound.
5:26 of 3rd period - Slapshot by Brian Gionta.
5:26 of 3rd period - Deflect By Alexander Radulov.
5:26 of 3rd period - Shot Misses the Net.
5:26 of 3rd period - Puck is out of play.
5:27 of 3rd period - Henrik Sedin wins face-off versus Mikael Backlund in Oilers zone.
5:38 of 3rd period - Snap shot by Mikko Rantanen.
5:38 of 3rd period - Shot Blocked by Justin Abdelkader.
5:48 of 3rd period - Minor Penalty to Richard Panik for Slashing.
5:49 of 3rd period - Joe Thornton wins face-off versus Ryan Johansen in Stars zone.
6:04 of 3rd period - Snap shot by Ryan Johansen.
6:04 of 3rd period - Stopped by Jimmy Howard without a rebound.
6:05 of 3rd period - Joe Thornton wins face-off versus Ryan Johansen in Stars zone.
6:05 of 3rd period - Joe Thornton is hit by Connor McDavid.
7:31 of 3rd period - Mikael Backlund is hit by Patrick Wiercioch and loses puck.
7:48 of 3rd period - Penalty to Richard Panik is over, Richard Panik is back on ice.
7:54 of 3rd period - Sonny Milano is hit by Adam Pelech and loses puck.
8:17 of 3rd period - Wrist shot by Connor McDavid.
8:17 of 3rd period - Deflect By Vernon Fiddler.
8:17 of 3rd period - Shot Blocked by Adam Pelech.
8:17 of 3rd period - Puck is out of play.
8:18 of 3rd period - Henrik Sedin wins face-off versus Vernon Fiddler in Stars zone.
8:18 of 3rd period - Henrik Sedin is hit by Vernon Fiddler.
8:44 of 3rd period - Wrist shot by Pierre-Alexandre Parenteau.
8:44 of 3rd period - Stopped by Jimmy Howard without a rebound.
8:45 of 3rd period - Pierre-Alexandre Parenteau wins face-off versus Joe Thornton in Stars zone.
8:46 of 3rd period - Snap shot by Sonny Milano.
8:46 of 3rd period - Stopped by Jimmy Howard without a rebound.
8:47 of 3rd period - Pierre-Alexandre Parenteau wins face-off versus Joe Thornton in Stars zone.
8:48 of 3rd period - Snap shot by Sonny Milano.
8:48 of 3rd period - Stopped by Jimmy Howard without a rebound.
8:49 of 3rd period - Ryan Johansen wins face-off versus Joe Thornton in Stars zone.
9:07 of 3rd period - Minor Penalty to Alexander Radulov for Interference.
9:08 of 3rd period - Joe Thornton wins face-off versus Ryan Johansen in Stars zone.
9:21 of 3rd period - Off-side.
9:22 of 3rd period - Connor McDavid wins face-off versus Joe Thornton in neutral zone.
10:15 of 3rd period - Joe Thornton is hit by Corey Perry and loses puck.
11:07 of 3rd period - Penalty to Alexander Radulov is over, Alexander Radulov is back on ice.
11:34 of 3rd period - Chris Kelly is hit by Scottie Upshall and loses puck.
13:03 of 3rd period - Zbynek Michalek is hit by Patrick Wiercioch and loses puck.
13:23 of 3rd period - Minor Penalty to Vince Dunn for Holding.
13:24 of 3rd period - Connor McDavid wins face-off versus Alexander Radulov in Oilers zone.
14:00 of 3rd period - Icing by Adam Pelech.
14:01 of 3rd period - Henrik Sedin wins face-off versus Connor McDavid in Stars zone.
14:32 of 3rd period - Wrist shot by Henrik Sedin.
14:32 of 3rd period - Stopped by Thomas Greiss with a rebound.
14:34 of 3rd period - Snap shot by Bryan Rust.
14:34 of 3rd period - Shot Misses the Net.
14:36 of 3rd period - Slapshot by Adam Pelech.
14:36 of 3rd period - Stopped by Thomas Greiss with a rebound.
14:38 of 3rd period - Snap shot by Richard Panik.
14:38 of 3rd period - Stopped by Thomas Greiss with a rebound.
14:40 of 3rd period - Slapshot by John Klingberg.
14:40 of 3rd period - Stopped by Thomas Greiss without a rebound.
14:41 of 3rd period - Joe Thornton wins face-off versus Connor McDavid in Oilers zone.
14:44 of 3rd period - Snap shot by Joe Thornton.
14:44 of 3rd period - Deflect By Brian Gionta.
14:44 of 3rd period - Stopped by Thomas Greiss with a rebound.
15:23 of 3rd period - Penalty to Vince Dunn is over, Vince Dunn is back on ice.
15:56 of 3rd period - Snap shot by Craig Cunningham.
15:56 of 3rd period - Stopped by Thomas Greiss with a rebound.
16:04 of 3rd period - Tyler Motte is hit by Richard Panik and loses puck.
16:41 of 3rd period - Icing by Seth Jones.
16:42 of 3rd period - Mikael Backlund wins face-off versus Henrik Sedin in Oilers zone.
17:03 of 3rd period - Snap shot by Alexander Radulov.
17:03 of 3rd period - Stopped by Thomas Greiss without a rebound.
17:04 of 3rd period - Pierre-Alexandre Parenteau wins face-off versus Joe Thornton in Oilers zone.
17:29 of 3rd period - Pierre-Alexandre Parenteau is hit by Stephen Johns and loses puck.
17:58 of 3rd period - Greg Pateryn is hit by Marc-Edouard Vlasic and loses puck.
18:15 of 3rd period - Wrist shot by Joe Thornton.
18:15 of 3rd period - Shot Blocked by Marco Scandella.
18:27 of 3rd period - Snap shot by Pierre-Alexandre Parenteau.
18:27 of 3rd period - Stopped by Jimmy Howard with a rebound.
18:35 of 3rd period - Snap shot by Alexander Radulov.
18:35 of 3rd period - Shot Misses the Net.
18:37 of 3rd period - Snap shot by Alexander Radulov.
18:37 of 3rd period - Shot Misses the Net.
18:39 of 3rd period - Wrist shot by Brian Gionta.
18:39 of 3rd period - Deflect By Aaron Ekblad.
18:39 of 3rd period - Shot Blocked by Aaron Ekblad.
18:39 of 3rd period - Puck is out of play.
18:40 of 3rd period - Jay Beagle wins face-off versus Ryan Johansen in Oilers zone.
19:05 of 3rd period - Bryan Rust is hit by Marc-Edouard Vlasic and loses puck.
19:12 of 3rd period - Oilers, Thomas Greiss is pulled from the net.
19:34 of 3rd period - Wrist shot by Ryan Johansen.
19:34 of 3rd period - Stopped by Jimmy Howard with a rebound.
19:36 of 3rd period - Wrist shot by Marc-Edouard Vlasic.
19:36 of 3rd period - Shot Misses the Net.
19:38 of 3rd period - Wrist shot by Seth Jones.
19:38 of 3rd period - Deflect By Ryan Johansen.
19:38 of 3rd period - Goal by Ryan Johansen - Oilers : 3 - Stars : 3.
19:38 of 3rd period - Thomas Greiss from Oilers was sent back in the game.
19:39 of 3rd period - Joe Thornton wins face-off versus Ryan Johansen in neutral zone.
Goals for this period are 2 for Oilers vs 0 for Stars.
Shots for this period are 14 for Oilers vs 8 for Stars.

Overtime #1


0:01 of 1st overtime period - Ryan Johansen wins face-off versus Henrik Sedin in neutral zone.
0:15 of 1st overtime period - Snap shot by Ryan Johansen.
0:15 of 1st overtime period - Shot Misses the Net.
2:02 of 1st overtime period - Connor McDavid is hit by Richard Panik.
3:02 of 1st overtime period - Snap shot by Mikko Rantanen.
3:02 of 1st overtime period - Deflect By Lee Stempniak.
3:02 of 1st overtime period - Shot Misses the Net.
3:02 of 1st overtime period - Puck is out of play.
3:03 of 1st overtime period - Mikko Rantanen wins face-off versus Jordan Eberle in Oilers zone.
3:47 of 1st overtime period - Snap shot by Mikael Backlund.
3:47 of 1st overtime period - Shot Misses the Net.
3:49 of 1st overtime period - Wrist shot by Corey Perry.
3:49 of 1st overtime period - Deflect By Mikael Backlund.
3:49 of 1st overtime period - Shot Misses the Net.
3:49 of 1st overtime period - Puck is out of play.
3:50 of 1st overtime period - Alexander Radulov wins face-off versus Ryan Johansen in Stars zone.
4:05 of 1st overtime period - Wrist shot by Brian Gionta.
4:05 of 1st overtime period - Goal by Brian Gionta - Oilers : 3 - Stars : 4.
Goals for this period are 0 for Oilers vs 1 for Stars.
Shots for this period are 0 for Oilers vs 1 for Stars.